Map: Hills of Peshkov

Players

Vrowgh

  • Race: Terran Terran
  • League: Platinum
  • Spawn Location: 6:00

Vincent

  • Race: Terran Terran
  • League: Diamond
  • Spawn Location: 7:00

SBKǂHystWarr

  • Race: Protoss Protoss
  • League: Gold
  • Spawn Location: 5:00

Blubbel

  • Race: Terran Terran
  • League: Silver
  • Spawn Location: 11:00

zod

  • Race: Protoss Protoss
  • League: Silver
  • Spawn Location: 12:00

MasteroP

  • Race: Zerg Zerg
  • Spawn Location: 1:00

VOD

Have the link to the VOD?

Description

Time

  • Played on: Jan. 10, 2016, 9:30 a.m.
  • Length: 13:01
Show
View Real Time Build Order
Export as new Build Order

Vrowgh Terran 

Build Orders: MMM Bio 

Get SALT Encoding   

  12  0:01  SCV  
  13  0:13  SCV  
  14  0:18  Supply Depot  
  14  0:25  SCV  
  15  0:39  SCV  
  15  0:41  Barracks  
  16  0:48  Refinery  
  16  0:52  SCV  
  17  1:03  Barracks  
  17  1:09  SCV  
  18  1:23  SCV  
  19  1:30  Barracks  
  20  1:32  Reaper  
  20  1:39  Orbital Command  
  20  1:48  Supply Depot  
  20  1:52  Reaper  
  21  1:59  Refinery  
  21  2:08  Reaper  
  22  2:12  Supply Depot  
  23  2:15  SCV  
  23  2:24  Reaper  
  24  2:31  SCV  
  25  2:43  SCV  
  26  2:45  Supply Depot, Reaper  
  26  2:47  Reaper  
  28  2:56  Reaper  
  29  3:08  Supply Depot  
  29  3:17  Reaper  
  30  3:34  Reaper x2  
  32  3:49  Reaper  
  33  4:04  Command Center  
  33  4:07  Factory  
  33  4:08  SCV  
  33  4:09  Supply Depot  
  34  4:10  Supply Depot  
  34  4:20  SCV  
  34  4:31  Barracks Tech Lab  
  34  4:32  Barracks Reactor  
  34  4:33  SCV, Marine  
  27  4:42  Supply Depot  
  26  4:51  Marine  
  26  5:03  Marauder  
  27  5:09  Marine  
  28  5:24  Marauder  
  28  5:27  Marine  
  31  5:38  Stimpack  
  31  5:39  Factory Tech Lab  
  31  5:42  Marine x2  
  33  5:43  Orbital Command  
  33  5:44  Marine  
  33  5:45  Marine  
  35  5:55  SCV  
  36  5:58  Supply Depot  
  36  6:05  Siege Tank  
  36  6:07  SCV  
  40  6:11  Orbital Command  
  40  6:18  Barracks Reactor  
  40  6:19  SCV  
  40  6:22  Marine x2  
  43  6:31  SCV  
  43  6:32  Starport  
  44  6:41  SCV  
  44  6:43  SCV  
  46  6:48  Marine x3  
  49  6:55  Siege Tank  
  49  6:57  SCV  
  53  7:06  Marine  
  54  7:10  SCV, Engineering Bay, Medivac  
  54  7:14  Marine  
  54  7:15  Marine x3  
  61  7:20  SCV  
  61  7:22  SCV  
  63  7:24  Marine  
  64  7:32  SCV  
  64  7:34  SCV, Supply Depot  
  64  7:35  Siege Tank  
  69  7:42  Missile Turret  
  69  7:46  Missile Turret  
  69  7:48  Marine x3  
  69  7:49  Marine x2  
  69  7:51  Starport Reactor  
  74  8:00  SCV x2, Refinery  
  76  8:06  Marine x2  
  76  8:07  Marauder  
  76  8:08  Combat Shields  
  76  8:10  Refinery  
  80  8:12  SCV  
  80  8:13  SCV  
  80  8:15  Barracks  
  82  8:25  SCV x2  
  82  8:26  Supply Depot  
  84  8:29  Medivac  
  84  8:32  Marine x4  
  84  8:33  Marine  
  91  8:37  SCV  
  92  8:42  Medivac  
  92  8:47  Terran Infantry Weapons Level 1  
  94  8:50  Marine x4  
  94  8:54  Supply Depot  
  98  8:56  Siege Tank  
  101  9:24  Marine x5  
  101  9:28  Barracks Reactor  
  106  9:42  Marine x2  
  105  9:46  Command Center, Marauder  
  105  9:47  Marine x2  
  109  10:04  Medivac  
  109  10:05  Medivac  
  113  10:08  SCV x2, Marauder  
  117  10:20  SCV x2  
  114  10:29  Marauder  
  114  10:32  SCV  
  114  10:34  Marine  
  118  10:36  Marine  
  118  10:37  Marine  
  118  10:39  Marine x3  
  104  10:51  Marauder  
  104  10:52  Marine  
  104  10:54  Marine  
  104  10:57  Marine  
  94  11:05  Orbital Command  
  94  11:08  Marine x3  
  94  11:10  Marine  
  95  11:26  Missile Turret  
  95  11:27  Orbital Command  
  91  11:35  SCV x2  
  91  11:39  Marine x7  
  99  11:46  Missile Turret  
  98  11:47  SCV x2  
  100  11:55  SCV  
  100  11:56  Marine  
  100  11:57  Marine x3  
  100  11:58  Missile Turret  
  100  11:59  SCV x2, Missile Turret  
  100  12:00  Missile Turret  
  107  12:02  Medivac x2  
  107  12:04  Siege Tank  
  107  12:07  SCV  
  115  12:11  SCV x2  
  115  12:12  Armory  
  115  12:15  Marauder  
  119  12:19  SCV  
  120  12:25  SCV x2  
  122  12:31  SCV  
  122  12:37  SCV, Marauder  
Show
View Real Time Build Order
Export as new Build Order

Vincent Terran 

Build Orders: MMM Bio 

Get SALT Encoding   

  12  0:01  SCV  
  13  0:13  SCV  
  14  0:18  Supply Depot  
  14  0:25  SCV  
  15  0:40  SCV  
  15  0:41  Barracks  
  16  0:46  Refinery  
  16  0:52  SCV  
  17  1:04  SCV  
  18  1:16  SCV  
  19  1:30  Supply Depot  
  19  1:31  Marine, Orbital Command  
  20  1:49  Marine  
  21  1:56  Command Center  
  21  1:57  SCV  
  22  2:08  Factory  
  22  2:15  SCV  
  23  2:19  Refinery  
  23  2:22  Barracks Reactor  
  23  2:26  Supply Depot  
  23  2:27  SCV  
  24  2:39  SCV  
  25  2:51  SCV  
  25  2:52  Factory Tech Lab  
  26  2:59  Starport, Marine x2  
  28  3:07  Barracks  
  28  3:09  Orbital Command  
  28  3:17  SCV  
  29  3:24  Siege Tank  
  29  3:27  Marine  
  32  3:29  Marine  
  32  3:30  Orbital Command  
  32  3:32  SCV  
  35  3:43  Engineering Bay  
  35  3:49  Medivac  
  35  3:53  Marine x2  
  35  3:55  Barracks Tech Lab  
  39  4:02  Bunker  
  39  4:05  SCV  
  40  4:11  Marine x2  
  38  4:47  SCV  
  38  4:48  SCV  
  39  5:00  SCV x2  
  40  5:10  Stimpack, Marine x2  
  40  5:11  Marine  
  43  5:28  Siege Tank, Marine x2  
  46  5:29  Starport Reactor  
  46  5:30  SCV x2  
  46  5:34  Refinery  
  50  5:41  Marine  
  51  5:46  Missile Turret, Marine  
  51  5:49  SCV  
  53  5:50  Missile Turret  
  53  5:54  Supply Depot, SCV  
  54  5:57  Supply Depot  
  54  6:00  Marine x2  
  54  6:01  SCV  
  54  6:03  Barracks  
  57  6:06  SCV  
  57  6:10  Medivac x2  
  62  6:15  Marine  
  62  6:16  SCV  
  62  6:17  Siege Tank  
  67  6:22  SCV, Refinery  
  68  6:28  Marine x2  
  68  6:30  SCV  
  71  6:39  SCV  
  72  6:40  Medivac x2  
  72  6:45  Supply Depot  
  76  6:48  Supply Depot  
  76  6:50  Marine x2  
  76  6:53  Barracks Reactor  
  78  6:58  Marine  
  79  7:02  SCV  
  79  7:05  Terran Infantry Weapons Level 1  
  79  7:07  Marine  
  79  7:08  Widow Mine  
  83  7:11  Combat Shields  
  82  7:32  Marine x3  
  82  7:33  Marine x2  
  87  7:53  Marine x5  
  87  7:54  Medivac x2  
  87  7:55  Siege Tank  
  87  7:56  SCV x2  
  101  8:28  Marine  
  101  8:34  Marine  
  102  8:35  Marine x2  
  102  8:56  Marauder  
  102  8:58  Medivac  
  102  8:59  Medivac  
  98  9:10  Marine x3  
  98  9:11  Marine  
  102  9:24  Command Center, Supply Depot x2  
  102  9:27  Command Center  
  102  9:39  SCV  
  102  9:40  SCV  
  102  9:44  Marauder  
  101  9:46  Siege Tank  
  101  9:49  Marine x3  
  101  9:50  Marine  
  107  9:57  Barracks x2  
  107  9:59  Barracks  
  107  10:05  Marauder  
  109  10:07  Marine x2  
  109  10:09  Marine x2  
  113  10:25  Marine  
  113  10:27  Marauder  
  114  10:44  Marine  
  114  10:48  Marauder  
  111  10:59  Marine x5  
  111  11:00  Marine  
  117  11:06  Marine  
  117  11:10  Marauder  
  119  11:16  Marine  
  119  11:17  Marine x3  
  123  11:31  Marauder  
  123  11:32  Barracks Reactor, Barracks Tech Lab  
  112  11:46  Marine  
  109  11:47  Barracks Reactor, Marine  
  109  11:48  Marine x2  
  109  11:52  Marauder  
  110  12:00  Missile Turret  
  100  12:04  Marine  
  100  12:07  Planetary Fortress  
  100  12:14  Marauder  
  95  12:17  Marauder, Marine x5  
  95  12:22  Marine  
  103  12:32  Marine x2  
  103  12:34  Marine  
  103  12:35  Marauder, Marine x4  
  119  12:39  Marauder  
  119  12:40  Marine  
  119  12:41  SCV x2  
Show
View Real Time Build Order
Export as new Build Order

SBKǂHystWarr Protoss 

Build Orders:  

Get SALT Encoding   

  12  0:01  Probe (Chrono Boost)  
  13  0:14  Probe (Chrono Boost)  
  14  0:27  Pylon  
  15  0:28  Probe (Chrono Boost)  
  15  0:45  Probe (Chrono Boost), Gateway  
  16  0:51  Assimilator  
  16  0:55  Probe (Chrono Boost)  
  17  1:06  Probe (Chrono Boost)  
  18  1:21  Probe (Chrono Boost)  
  19  1:29  Assimilator  
  19  1:35  Cybernetics Core  
  19  1:39  Pylon  
  19  1:40  Probe (Chrono Boost)  
  20  1:50  Zealot  
  20  1:51  Probe (Chrono Boost)  
  24  2:01  Probe (Chrono Boost)  
  23  2:12  Probe (Chrono Boost)  
  24  2:16  Warp Gate  
  24  2:22  Probe (Chrono Boost)  
  25  2:23  Robotics Facility  
  25  2:27  Stalker  
  27  2:33  Probe (Chrono Boost)  
  28  2:43  Probe (Chrono Boost)  
  29  2:44  Gateway  
  29  2:47  Gateway  
  29  2:55  Mothership Core (Chrono Boost)  
  31  3:01  Pylon  
  31  3:19  Immortal, Probe (Chrono Boost)  
  36  4:11  Warp Prism  
  36  4:12  Forge  
  36  4:15  Nexus  
  38  4:17  Pylon  
  38  4:32  Pylon  
  38  4:40  Stalker  
  38  4:41  Stalker  
  38  4:42  Zealot  
  38  5:34  Adept x3  
  44  5:43  Immortal  
  48  5:55  Probe (Chrono Boost)  
  48  5:56  Probe (Chrono Boost)  
  50  6:00  Photon Cannon  
  50  6:06  Probe x2 (Chrono Boost)  
  52  6:54  Pylon  
  52  6:55  Assimilator  
  52  6:59  Assimilator  
  52  7:01  Probe x2 (Chrono Boost)  
  52  7:02  Protoss Ground Weapons Level 1  
  52  7:03  Immortal  
  58  7:08  Robotics Bay  
  58  7:12  Probe x2 (Chrono Boost)  
  58  7:14  Photon Cannon  
  60  7:19  Pylon  
  61  7:22  Probe (Chrono Boost)  
  61  7:32  Stalker x3  
  61  7:36  Probe x2 (Chrono Boost)  
  69  7:46  Probe x2 (Chrono Boost)  
  67  7:53  Photon Cannon  
  67  8:16  Zealot  
  65  8:20  Warp Prism (Chrono Boost)  
  67  8:28  Stalker x3  
  73  8:38  Probe x2  
  75  8:41  Protoss Ground Armor Level 1  
  75  8:50  Probe  
  75  8:54  Colossus (Chrono Boost)  
  82  9:05  Robotics Facility  
  82  9:06  Extended Thermal Lance  
  82  9:09  Probe x2  
  84  9:13  Zealot  
  86  9:37  Photon Cannon  
  86  10:12  Gateway  
  86  10:15  Gateway  
  86  10:17  Gateway  
  86  10:41  Pylon  
  86  10:43  Pylon  
  86  10:46  Pylon  
  86  10:48  Pylon  
  86  10:59  Probe x2  
  100  11:09  Colossus (Chrono Boost)  
  100  11:11  Probe, Observer (Chrono Boost)  
  96  11:23  Photon Cannon  
  96  11:38  Colossus (Chrono Boost)  
  102  12:04  Nexus  
  102  12:07  Pylon  
  102  12:09  Pylon  
  102  12:14  Pylon  
  102  12:15  Assimilator  
  102  12:19  Assimilator  
  100  12:35  Photon Cannon  
  100  12:36  Photon Cannon  
  100  12:39  Photon Cannon  
  100  12:45  Photon Cannon  
Show
View Real Time Build Order
Export as new Build Order

Blubbel Terran 

Build Orders: 1/1/1, Liberator Opening 

Get SALT Encoding   

  12  0:02  SCV  
  13  0:14  SCV  
  14  0:22  Supply Depot  
  14  0:26  SCV  
  15  0:31  Refinery  
  15  0:43  SCV  
  15  0:46  Barracks  
  16  0:56  SCV  
  17  1:08  SCV  
  18  1:21  SCV  
  19  1:33  SCV  
  19  1:34  Supply Depot  
  19  1:39  Factory  
  20  1:45  SCV  
  21  1:50  Refinery  
  21  1:54  Marine  
  22  2:09  Command Center  
  22  2:26  Starport, Marine  
  22  2:29  Widow Mine  
  25  2:51  Marine  
  26  2:57  Widow Mine  
  28  2:58  SCV  
  29  3:07  Medivac  
  31  3:20  Marine  
  31  3:26  SCV  
  33  3:28  Orbital Command  
  33  3:36  Engineering Bay  
  33  3:37  Liberator  
  33  3:38  Supply Depot, SCV, Marine  
  35  3:51  Widow Mine  
  40  3:56  Marine  
  41  4:19  Widow Mine  
  43  4:47  SCV  
  43  4:50  SCV  
  45  4:59  SCV  
  42  5:02  SCV  
  43  5:11  SCV  
  43  5:14  SCV  
  45  5:15  Medivac  
  41  5:23  SCV  
  41  5:26  SCV  
  43  5:36  SCV  
  43  5:37  Supply Depot  
  44  5:43  Missile Turret  
  44  5:45  Medivac  
  44  5:49  Barracks Reactor  
  46  6:03  Factory Reactor  
  46  6:04  Barracks  
  46  6:10  Terran Infantry Weapons Level 1  
  46  6:11  Engineering Bay  
  46  6:17  Missile Turret  
  46  6:20  Missile Turret  
  46  6:29  Marine x2  
  46  6:31  SCV  
  49  6:35  SCV  
  50  6:43  SCV  
  51  6:47  SCV, Marine  
  51  6:48  Terran Infantry Armor Level 1  
  51  6:52  Armory  
  53  6:55  SCV  
  53  6:59  SCV  
  55  7:07  Starport Reactor  
  55  7:11  SCV, Widow Mine x2  
  55  7:12  Starport  
  60  7:23  SCV, Refinery  
  61  7:40  Supply Depot  
  51  7:53  Marine x2  
  51  7:55  Barracks Tech Lab  
  53  8:06  Barracks  
  53  8:08  Terran Infantry Weapons Level 2, Barracks  
  53  8:11  Supply Depot, Marine  
  37  9:17  Starport Tech Lab  
  37  9:21  SCV  
  38  9:25  Orbital Command  
  38  9:32  Barracks Reactor x2  
  38  9:33  SCV, Combat Shields  
  38  9:37  Marine x3  
  42  9:39  Missile Turret  
  42  9:45  SCV  
  43  9:47  Missile Turret  
  43  9:54  Marine x2  
  43  9:55  Marine  
  46  10:00  Missile Turret  
  46  10:11  Barracks  
  46  10:12  Barracks  
  46  10:19  Missile Turret  
  46  10:36  SCV, Marine  
  46  10:37  Marine x2  
  46  10:39  Marine  
  46  10:40  Marine  
  31  11:55  Marine  
  31  11:56  Marine x2  
  31  11:57  Marine  
  31  11:59  SCV, Marine  
  31  12:01  Marine  
  29  12:13  Marine  
  30  12:26  Barracks Reactor  
  30  12:31  Marine  
  30  12:34  Barracks  
  31  12:38  Command Center, Supply Depot  
  31  12:44  Supply Depot  
  31  12:46  Supply Depot  
  31  12:48  Supply Depot  
Show
View Real Time Build Order
Export as new Build Order

zod Protoss 

Build Orders:  

Get SALT Encoding   

  12  0:01  Probe (Chrono Boost)  
  13  0:12  Probe (Chrono Boost)  
  14  0:22  Probe (Chrono Boost)  
  15  0:30  Pylon  
  15  0:48  Probe (Chrono Boost)  
  16  0:55  Gateway  
  16  0:57  Gateway  
  16  0:59  Probe (Chrono Boost)  
  16  1:02  Assimilator  
  17  1:09  Probe (Chrono Boost)  
  18  1:12  Assimilator  
  18  1:16  Pylon  
  18  1:20  Probe (Chrono Boost)  
  19  1:30  Probe (Chrono Boost)  
  20  1:41  Probe (Chrono Boost)  
  20  1:46  Cybernetics Core  
  21  1:51  Gateway  
  21  1:56  Pylon  
  21  2:03  Probe (Chrono Boost)  
  22  2:28  Warp Gate  
  22  2:37  Nexus  
  22  2:52  Adept  
  22  2:58  Adept  
  26  3:09  Mothership Core (Chrono Boost)  
  28  3:15  Pylon  
  28  3:16  Adept  
  28  3:47  Adept x3  
  32  3:51  Probe (Chrono Boost)  
  33  4:06  Probe (Chrono Boost)  
  33  4:07  Probe (Chrono Boost)  
  35  4:14  Adept  
  38  4:17  Probe (Chrono Boost)  
  38  4:18  Probe (Chrono Boost)  
  35  4:27  Probe (Chrono Boost)  
  35  4:28  Pylon  
  35  4:30  Pylon  
  36  4:51  Protoss Air Weapons Level 1  
  36  4:55  Stargate  
  36  4:58  Stargate  
  36  5:16  Stalker x2  
  36  5:17  Stalker  
  42  5:22  Probe (Chrono Boost)  
  42  5:23  Probe (Chrono Boost)  
  44  5:29  Assimilator  
  44  5:33  Probe x2 (Chrono Boost)  
  46  5:44  Probe x2 (Chrono Boost)  
  44  6:01  Oracle x2  
  50  6:04  Forge  
  50  6:06  Zealot x2  
  54  6:14  Probe x2 (Chrono Boost)  
  54  6:15  Twilight Council  
  56  6:20  Assimilator  
  56  6:25  Probe x2 (Chrono Boost)  
  58  6:34  Stalker  
  58  6:35  Stalker, Probe x2 (Chrono Boost)  
  64  6:57  Pylon  
  64  6:58  Probe x2 (Chrono Boost)  
  66  7:08  Probe x2 (Chrono Boost)  
  68  7:29  Stalker x2  
  69  7:30  Stalker  
  71  7:39  Dark Shrine  
  71  7:40  Probe x2 (Chrono Boost)  
  73  7:50  Void Ray  
  73  7:51  Probe x2 (Chrono Boost), Void Ray  
  83  8:01  Probe (Chrono Boost)  
  83  8:02  Probe (Chrono Boost)  
  85  8:07  Nexus  
  85  8:11  Pylon  
  85  8:14  Pylon  
  85  8:17  Pylon  
  70  8:45  Stalker  
  72  8:53  Probe (Chrono Boost)  
  73  8:57  Assimilator  
  69  9:04  Assimilator  
  65  9:19  Dark Templar x2  
  65  9:20  Dark Templar  
  71  9:24  Gateway  
  71  9:27  Pylon  
  71  9:28  Pylon  
  71  9:30  Pylon  
  71  9:31  Gateway  
  71  9:33  Gateway  
  71  9:59  Dark Templar x3  
  77  10:08  Void Ray  
  77  10:09  Void Ray  
  71  10:28  Dark Templar  
  71  10:33  Stalker x3  
  79  10:51  Phoenix  
  79  10:52  Phoenix  
  79  10:54  Stalker x2  
  87  10:59  Mothership Core (Chrono Boost)  
  71  11:07  Dark Templar x3  
  71  11:08  Dark Templar  
  46  12:37  Stalker x3  
  48  12:40  Nexus  
Show
View Real Time Build Order
Export as new Build Order

MasteroP Zerg 

Build Orders: Pool First 

Get SALT Encoding   

  12  0:01  Drone  
  13  0:11  Drone  
  14  0:30  Drone, Spawning Pool  
  14  0:52  Overlord x2  
  14  0:56  Extractor  
  13  0:57  Drone  
  14  1:18  Drone  
  14  1:22  Hatchery  
  14  1:29  Drone x2  
  16  1:35  Drone  
  17  1:50  Drone  
  17  1:53  Queen  
  20  1:58  Drone  
  21  2:08  Drone  
  22  2:13  Metabolic Boost  
  22  2:22  Drone, Extractor  
  22  2:30  Drone  
  22  2:34  Queen  
  22  2:36  Drone  
  26  2:48  Drone x2  
  28  2:57  Drone x2  
  30  3:04  Zergling x4  
  30  3:05  Zergling x4  
  29  3:24  Spine Crawler  
  26  3:50  Spine Crawler  
  23  3:59  Zergling x12  
  29  4:15  Zergling x4  
  31  4:27  Drone, Zergling x2  
  31  4:35  Drone x4  
  33  4:44  Drone x2  
  35  4:48  Overlord  
  35  4:57  Queen  
  36  5:04  Zergling x10  
  34  5:53  Drone x6  
  40  6:07  Lair, Roach Warren  
  40  6:09  Drone x2  
  40  6:10  Drone x3  
  44  6:12  Hatchery  
  44  6:14  Extractor  
  44  6:16  Extractor  
  40  6:32  Spine Crawler  
  30  6:50  Drone x3  
  30  6:51  Drone x5  
  38  7:02  Drone x2  
  38  7:06  Glial Reconstitution  
  40  7:16  Roach  
  40  7:19  Overlord  
  42  7:26  Drone x3  
  45  7:41  Evolution Chamber  
  44  7:44  Evolution Chamber  
  44  7:48  Roach  
  44  7:49  Roach x6  
  57  7:53  Overlord x2  
  57  8:04  Hydralisk Den  
  56  8:07  Overlord  
  56  8:11  Zerg Missile Weapons Level 1  
  56  8:13  Zerg Ground Armor Level 1  
  56  8:24  Roach x2  
  56  8:25  Roach x6  
  56  8:26  Roach x3  
  78  8:40  Zergling x6  
  76  9:11  Roach x2  
  76  9:13  Overlord x3  
  80  9:22  Muscular Augments  
  66  9:52  Roach x6  
  80  9:53  Roach x7  
  92  10:15  Overlord x2  
  92  10:34  Zergling x8  
  97  10:43  Roach x2  
  87  11:06  Zergling x10  
  87  11:07  Zergling x4  
  94  11:39  Roach  
  100  11:40  Roach x2  
  100  11:42  Overlord x3  
  100  12:13  Hydralisk x3  
  100  12:14  Hydralisk x2  
  110  12:20  Hatchery  
  109  12:28  Zergling x8  
  109  12:29  Zergling x6  
Tags
 
Add a new tag
Caveats
  • Supply blocks, unpowered buildings, or Contaminate may cause inaccurate times.
  • Supply counts are checked every 10 seconds.